 Dungeon Crawl Stone Soup version 0.28.0-56-g4927b6849a (webtiles) character file.

Game seed: 1356643908434564722

98 Atelerd the Digger (level 4, -2/40 HPs)
             Began as an Octopode Earth Elementalist on Jan 26, 2023.
             Slain by an adder (3 damage)
             ... on level 3 of the Dungeon.
             The game lasted 00:02:18 (2717 turns).

Atelerd the Digger (Octopode Earth Elementalist)    Turns: 2717, Time: 00:02:19

Health: -2/40      AC: 22    Str:  4 (7)  XL:     4   Next: 69%
Magic:  5/8        EV:  2    Int: 16 (19) God:
Gold:   105        SH:  0    Dex:  9 (10) Spells: 3/8 levels left

rFire   . . .      SeeInvis .   f - +0 short sword
rCold   . . .      Faith    .   (no shield)
rNeg    . . .      Spirit   .   (helmet currently unavailable)
rPois   +          Reflect  .   (no amulet)
rElec   .          Harm     .   (no ring)
rCorr   .          Rampage  .   (no ring)
Will    .....      NoTele   +   (no ring)
Stlth   ++........              (no ring)
HPRegen 0.13/turn               (no ring)
MPRegen 0.11/turn               (no ring)
                                (no ring)
                                (no ring)

@: lethally poisoned (-2 -> -3), tree-form, attractive
A: stationary, stasis, torment immunity, boosted hp, almost no armour,
(amphibious), 8 rings, (camouflage 1), (gelatinous body 1), (nimble swimmer 1),
(tentacles), clumsy 1, MP-powered wands
a: no special abilities


You were on level 3 of the Dungeon.
You were a tree.
You visited 1 branch of the dungeon, and saw 3 of its levels.

You collected 105 gold pieces.

Inventory:

Hand Weapons
 f - a +0 short sword (weapon)
Missiles
 b - 33 stones
Magical Staves
 m - a staff of earth
Jewellery
 o - a ring of willpower
Wands
 j - a wand of acid (12)
Scrolls
 a - a scroll of amnesia {unknown}
 c - a scroll of vulnerability {unknown}
 e - a scroll of brand weapon {unknown}
 g - a scroll of immolation {unknown}
 k - 2 scrolls of teleportation {unknown}
 n - a scroll of fog {unknown}
 p - a scroll of identify {unknown}
Potions
 d - 2 potions of mutation
 h - a potion of degeneration
 l - a potion of lignification


   Skills:
 - Level 0.2 Fighting
 - Level 2.0 Dodging
 + Level 3.6 Stealth
 + Level 2.7 Spellcasting
 * Level 2.1 Transmutations
 + Level 4.0 Earth Magic


You had 3 spell levels left.
You knew the following spells:

 Your Spells              Type           Power      Damage    Failure   Level
a - Sandblast             Erth           28%        2d8       3%          1
p - Petrify               Tmut/Erth      11%        N/A       50%         4

Your spell library contained the following spells:

 Spells                   Type           Power      Damage    Failure   Level
 Passwall                 Tmut/Erth      9%         N/A       9%          2
 Stone Arrow              Conj/Erth      16%        3d8       26%         3
 Ensorcelled Hibernation  Hex/Ice        4%         N/A       28%         2
 Dazzling Flash           Conj/Hex       4%         N/A       50%         3
 Swiftness                Air            2%         N/A       50%         3
 Tukima's Dance           Hex            2%         N/A       50%         3
 Iskenderun's Mystic Bla  Conj/Tloc      2%         2d3       88%         4
 Passage of Golubria      Tloc           2%         N/A       88%         4
 Yara's Violent Unravell  Hex/Tmut       2%         3d3       98%         5
 Starburst                Conj/Fire      1%         6d3       100%        6


Dungeon Overview and Level Annotations

Branches:
Dungeon (3/15)

Altars:


Innate Abilities, Weirdness & Mutations

You are a tree.
Your roots penetrate the ground, keeping you stationary.
You cannot be teleported.
You are immune to unholy pain and torment.
Your maximum health is greatly increased.
You cannot wear most types of armour.
((You are amphibious.))
You can wear up to eight rings at the same time.
((Your skin changes colour to match your surroundings (Stealth+).))
((Your rubbery body absorbs attacks. (AC +1, EV +1)))
((You are camouflaged when in or above water. (Stealth+)))
((You have tentacles for arms and can constrict up to eight enemies at once.))
You are clumsy. (Dex -2)
You expend magic power (3 MP) to strengthen your wands.


Message History

You feel sick.
You feel sick.
The blast of sand misses the adder.
You feel sick. The adder bites you.
The blast of sand hits the adder.
The adder is lightly wounded.
You feel sick. The adder bites you. x2
You are more poisoned.
The adder poisons you!
You are too injured to fight recklessly!
You are too injured to fight recklessly!
Casting: Sandblast (safe; 3% risk of failure)
Confirm with . or Enter, or press ? or * to list all spells.
Aiming: Sandblast (safe; 3% risk of failure)
Press: ? - help, Shift-Dir - straight line, f/p - adder
Aim: an adder (lightly wounded, 66% to hit)
The blast of sand hits the adder.
The adder is heavily wounded.
You feel sick. The adder bites you.
* * * LOW HITPOINT WARNING * * *
It was a potion of mutation.
You feel extremely strange.
You feel clumsy.
You feel your magical essence link to the dungeon's wands.
* * * LOW HITPOINT WARNING * * *
You feel sick. The adder barely misses you.
Okay, then.
It was a potion of degeneration.
There was something very wrong with that liquid.
You feel weakened.
You feel dopey.
You feel clumsy.
* * * LOW HITPOINT WARNING * * *
You feel sick. The adder barely misses you.
The adder bites you but does no damage.
It was a potion of lignification.
You turn into a tree.
Your roots penetrate the ground.
* * * LOW HITPOINT WARNING * * *
You feel sick. The adder bites you but does no damage.
It was a potion of attraction.
You feel attractive to monsters.
* * * LOW HITPOINT WARNING * * *
You feel sick. The adder bites you.
You die...

#..#..#### #####. #.......#
#...... ## #####.#.#
##....... .## #...#
#........ ).### ###.####
#........ #...##### #....#
#........
.##.....#######.###........
...####.......#............
##.##########...♣S.........
#...####........#.#.......
###......########.........
######## #######..# #.. ##


You could see an adder.

Vanquished Creatures
  A bullfrog skeleton (D:3)
  2 adders (D:2)
  A worm (D:2)
  A dart slug (D:1)
  6 endoplasms
  2 giant cockroaches
  3 goblins
  4 hobgoblins
  3 quokkas (D:1)
  3 ball pythons (D:1)
  3 bats
  4 frilled lizards (D:1)
  9 kobolds
  3 rats
45 creatures vanquished.

Notes
Turn   | Place    | Note
-------+----------+-------------------------------------------
     0 | D:1      | Atelerd the Octopode Earth Elementalist began the quest for
                  | the Orb.
     0 | D:1      | Reached XP level 1. HP: 11/11 MP: 3/3
   102 | D:1      | Found a faded altar of an unknown god.
   223 | D:1      | Reached XP level 2. HP: 5/17 MP: 0/5
  1055 | D:1      | Reached XP level 3. HP: 17/21 MP: 6/6
  2093 | D:2      | Reached XP level 4. HP: 26/27 MP: 1/7
  2468 | D:3      | Reached skill level 4 in Earth Magic
  2627 | D:3      | Learned a level 4 spell: Petrify
  2714 | D:3      | Gained mutation: You are clumsy. (Dex -2) [potion of
                  | mutation]
  2714 | D:3      | Gained mutation: You expend magic power (3 MP) to
                  | strengthen your wands. [potion of mutation]
  2716 | D:3      | HP: 2/40 [poisoned by an adder]
  2717 | D:3      | Slain by an adder

Illustrated notes

Levels and vault maps discovered:
D:1:      scummos_arrival_gate, layout_loops_cross,
          dreamdust_ecumenical_altar_angels_and_demons, minmay_misc_feat_pillars
D:2:      layout_basic
D:3:      layout_rooms, mainiacjoe_overflow_paths

Skill      XL: |  1  2  3  4 |
---------------+-------------+-----
Stealth        | 3 |  3.6
Transmutations | 2 |  2.1
Earth Magic    | 4 |  4.0
Fighting       | |  0.2
Dodging        | |  2.0
Spellcasting   | |  2.7

Action                   |  1- 3 |  4- 6 || total
-------------------------+-------+-------++-------
Melee: Unarmed           |    10 |       ||    10
       Constrict         |     7 |     2 ||     9
       Tentacles         |     7 |     1 ||     8
       Punch             |     1 |       ||     1
       Short sword       |    16 |    14 ||    30
 Cast: Sandblast         |    37 |    12 ||    49
  Use: Potion            |       |     4 ||     4
 Stab: Sleeping          |     5 |     2 ||     7
Armor: Skin              |     5 |     4 ||     9
Dodge: Dodged            |    23 |    12 ||    35
